 Dungeon Crawl Stone Soup version 0.25-a0-975-gcae8493d64 (webtiles) character file.

Game seed: 11214665347852845689, levelgen mode: deterministic

8978 Flugslaktarn the Cleaver (level 11, -11/90 HPs)
             Began as a Barachi Fighter on May 9, 2020.
             Was an Initiate of Gozag.
             Killed from afar by Fannar (30 damage)
             ... with a bolt of cold
             ... on level 11 of the Dungeon.
             The game lasted 00:06:30 (10609 turns).

Flugslaktarn the Cleaver (Barachi Fighter)         Turns: 10609, Time: 00:06:30

Health: -11/90     AC: 19    Str: 18    XL:     11   Next: 39%
Magic:  11/11      EV:  4    Int:  9    God:    Gozag
Gold:   191        SH: 22    Dex: 14    Spells: 10/10 levels left

rFire    . . .     SeeInvis .   a - +0 war axe
rCold    . . .     Gourm    .   y - +2 tower shield {AC+3}
rNeg     . . .     Faith    .   f - +0 plate armour
rPois    .         Spirit   .   (no helmet)
rElec    .         Reflect  +   (no cloak)
rCorr    .         Harm     .   (no gloves)
MR       .....                  n - +0 pair of boots
Stlth    ..........             h - +4 amulet of reflection
HPRegen  0.25/turn              (no ring)
MPRegen  0.12/turn              v - +1 ring of evasion

@: mighty, about to teleport, berserk cooldown, slowed, very slow
A: +LOS, swims, slowness 1, strong legs 1
a: Hop, Potion Petition, Call Merchant, Bribe Branch, Renounce Religion


You were on level 11 of the Dungeon.
You worshipped Gozag.
Gozag was aware of your devotion.
You were not hungry.

You visited 1 branch of the dungeon, and saw 11 of its levels.

You collected 1464 gold pieces.
You spent 884 gold pieces at shops.
You paid 389 gold pieces to Gozag.

Inventory:

Hand Weapons
 a - a +0 war axe (weapon)
Missiles
 b - 3 throwing nets (quivered)
Armour
 f - a +0 plate armour (worn)
   (You found it on level 2 of the Dungeon)
 n - a +0 pair of boots (worn)
   (You found it on level 4 of the Dungeon)
 y - a +2 tower shield of protection (worn)
   (You acquired it on level 10 of the Dungeon)
Jewellery
 h - a +4 amulet of reflection (around neck)
   (You found it on level 4 of the Dungeon)
 v - a +1 ring of evasion (right hand)
   (You found it on level 7 of the Dungeon)
Wands
 p - a wand of iceblast (3)
   (You found it on level 7 of the Dungeon)
Scrolls
 c - a scroll of acquirement
 g - 3 scrolls of enchant weapon {unknown}
 i - a scroll of fear
 j - 2 scrolls of magic mapping
 m - a scroll of fog
 r - 2 scrolls of identify
 s - a scroll of immolation
 t - 3 scrolls of teleportation
 u - a scroll of enchant armour {unknown}
 x - 7 scrolls of remove curse
 z - a scroll of blinking
Potions
 k - a potion of cancellation
 l - 2 potions of lignification
 o - a potion of ambrosia {unknown}
 q - 5 potions of curing
 w - a potion of flight {unknown}
Comestibles
 e - 13 rations


   Skills:
 + Level 10.0 Fighting
 * Level 12.0 Axes
 + Level 10.0 Armour
 + Level 9.2 Shields


You had 10 spell levels left.
You didn't know any spells.
Your spell library was empty.

Dungeon Overview and Level Annotations

Branches:
Dungeon (11/15)            Temple (0/1) D:6            Lair (0/6) D:9
    Orc (0/2) D:10

Altars:
Dithmenos
Gozag
Ru
Trog
Xom
Zin

Shops:
D:10 *

Annotations:
D:8 2 runed translucent doors, Flugslaktarn's ghost, novice MiFi
D:11 Fannar


Innate Abilities, Weirdness & Mutations

You can be seen from farther away. (+LOS)
You can swim through water.
You cover ground slowly.
You can hop short distances.


Message History

Fannar is severely wounded.
You slash the ice beast!
You kill the ice beast!
Fannar gestures wildly while chanting.
Fannar blinks!
You feel a strong urge to attack something.
You feel your anger nearly subside.
You are no longer berserk.
You are exhausted.
You feel yourself slow down.
Some snowflakes condense on Fannar.
Fannar mumbles some strange words.
Unknown command.
Evoke which item? (* to show all) (? for menu, Esc to quit)
Okay, then.
As you read the scroll of teleportation, it crumbles to dust.
You feel strangely unstable.
Fannar points at you and mumbles some strange words.
The bolt of cold hits you!!
You die...
Your body crumbles into a pile of gold.

.# .. ######## .# .......#
.# ######.##########
.##### #........##...#
.....### #........##...#
........
#........##...##........
#.............@...e.....
###.................Y.#...
..'........>..........#
###......?............#
#...................#
#...................#
#.......^...........#
#####...............#
###...................#


You could see Fannar (icy armour) and an ice beast (summoned).

Vanquished Creatures
  Harold (D:9)
  A hydra (D:11)
  A two-headed ogre (D:9)
  A cyclops (D:10)
  An ugly thing (D:7)
  Grinder (D:4)
  4 hippogriffs
  A wraith (D:10)
  3 wyverns
  Eustachio (D:5)
  A water moccasin (D:7)
  2 porcupines (D:9)
  3 ice beasts
  5 orc warriors
  A phantom (D:7)
  A sky beast (D:8)
  2 centaurs
  3 ogres
  9 bullfrogs
  A wyvern skeleton (D:10)
  5 scorpions
  6 killer bees (D:9)
  4 howler monkeys
  2 crimson imps
  A quasit (D:8)
  A jelly (D:8)
  4 orc priests
  2 hounds (D:10)
  10 orc wizards
  A bullfrog skeleton (D:8)
  2 centaur skeletons
  4 iguanas
  9 worker ants
  A killer bee zombie (D:6)
  A hound zombie (D:6)
  2 hound skeletons
  A howler monkey zombie (D:9)
  A worker ant zombie (D:10)
  4 gnolls (D:10)
  11 adders
  An ooze (D:2)
  An adder zombie (D:5)
  An adder skeleton (D:6)
  3 worms
  A dart slug (D:1)
  8 leopard geckos
  41 orcs
  A ball python (D:3)
  8 giant cockroaches
  6 goblins
  3 hobgoblins
  10 jackals
  8 quokkas
  10 bats
  3 frilled lizards
  A jackal skeleton (D:4)
  5 kobolds
  6 rats
  3 fungi (D:9)
235 creatures vanquished.

Vanquished Creatures (others)
  A centaur (D:7)
  2 fungi (D:9)
  4 toadstools (D:1)
7 creatures vanquished.

Grand Total: 242 creatures vanquished

Notes
Turn   | Place    | Note
-------+----------+-------------------------------------------
     0 | D:1      | Flugslaktarn the Barachi Fighter began the quest for the
                  | Orb.
     0 | D:1      | Reached XP level 1. HP: 18/18 MP: 1/1
   102 | D:2      | Reached XP level 2. HP: 18/25 MP: 2/2
   515 | D:1      | Reached XP level 3. HP: 30/30 MP: 3/3
   526 | D:1      | Reached skill level 3 in Axes
  1052 | D:2      | Reached XP level 4. HP: 33/37 MP: 4/4
  1514 | D:2      | Reached XP level 5. HP: 12/43 MP: 5/5
  1805 | D:3      | Reached skill level 4 in Axes
  2446 | D:4      | Noticed Grinder
  2458 | D:4      | Reached XP level 6. HP: 46/49 MP: 6/6
  2467 | D:4      | Paralysed by Grinder for 7 turns
  2478 | D:4      | Killed Grinder
  2478 | D:4      | Reached skill level 5 in Fighting
  2478 | D:4      | Reached skill level 5 in Axes
  2478 | D:4      | Reached skill level 5 in Armour
  2759 | D:4      | Reached XP level 7. HP: 56/56 MP: 7/7
  3046 | D:5      | Entered Level 5 of the Dungeon
  3046 | D:5      | Noticed Eustachio
  3100 | D:5      | Killed Eustachio
  3501 | D:5      | Reached skill level 5 in Shields
  3693 | D:5      | Found a bloodstained altar of Trog.
  3840 | D:6      | Reached skill level 6 in Axes
  3851 | D:6      | Reached XP level 8. HP: 29/64 MP: 8/8
  4442 | D:6      | Found a shadowy altar of Dithmenos.
  4452 | D:6      | Found an opulent altar of Gozag.
  4564 | D:6      | Became a worshipper of Gozag Ym Sagoz the Greedy
  4601 | D:6      | Found a shimmering altar of Xom.
  4688 | D:6      | Reached skill level 7 in Axes
  4914 | D:6      | Found a staircase to the Ecumenical Temple.
  5300 | D:7      | Noticed a purple ugly thing
  5336 | D:7      | Killed a purple ugly thing
  5336 | D:7      | Reached skill level 8 in Axes
  5336 | D:7      | Reached XP level 9. HP: 20/72 MP: 9/9
  6291 | D:8      | Reached skill level 9 in Axes
  6832 | D:8      | Found a large runed translucent door.
  6837 | D:8      | Found a large runed translucent door.
  6839 | D:8      | Noticed Flugslaktarn's ghost (novice MiFi)
  6902 | D:8      | Found a glowing silver altar of Zin.
  6956 | D:8      | Found a sacrificial altar of Ru.
  7392 | D:9      | Noticed Harold
  7427 | D:9      | Killed Harold
  7427 | D:9      | Reached skill level 10 in Axes
  7427 | D:9      | Reached XP level 10. HP: 46/82 MP: 10/10
  7805 | D:9      | Noticed a two-headed ogre
  7816 | D:9      | Killed a two-headed ogre
  8054 | D:9      | Found a staircase to the Lair.
  8501 | D:9      | Noticed a skeletal warrior
  8502 | D:9      | Noticed a skeletal warrior
  8502 | D:9      | Noticed a skeletal warrior
  8503 | D:9      | Noticed a skeletal warrior
  8503 | D:9      | Noticed a skeletal warrior
  8624 | D:9      | Reached skill level 11 in Axes
  8901 | D:10     | Entered Level 10 of the Dungeon
  8921 | D:10     | Found Nybreck's General Store.
  9108 | D:10     | Bought a scroll of acquirement for 884 gold pieces
  9307 | D:10     | Found a staircase to the Orcish Mines.
  9326 | D:10     | Reached XP level 11. HP: 81/89 MP: 11/11
  9907 | D:10     | Noticed a cyclops
  9924 | D:10     | Killed a cyclops
 10223 | D:11     | Noticed an eight-headed hydra
 10232 | D:11     | Killed an eight-headed hydra
 10249 | D:11     | Reached skill level 10 in Armour
 10461 | D:11     | Reached skill level 10 in Fighting
 10466 | D:11     | Reached skill level 12 in Axes
 10577 | D:11     | Noticed Fannar
 10609 | D:11     | Killed from afar by Fannar

Illustrated notes

Levels and vault maps discovered:
D:1:      ldierk_water_garden, layout_basic
D:2:      layout_basic
D:3:      layout_rooms
D:4:      layout_rooms, uniq_grinder
D:5:      layout_basic, bloody_trog, first_ration, uniq_eustachio
D:6:      layout_cave_pools, kennysheep_mini_moat,
          chequers_temple_overflow_statue_of_worship, temple_green
D:7:      layout_gridville
D:8:      layout_rooms, overflow_temple_1_default, zin_treasury,
          ebering_ghost_disaster_area
D:9:      layout_irregular_city, grunt_lair_entry_orc_guard_hut, uniq_harold
D:10:     layout_basic, david_orc_2, serial_shops, shop
D:11:     layout_basic, portal_ice_cave_entry_ice_beasts, uniq_fannar

Skill      XL: |  1  2  3  4  5  6  7  8  9 10 11 |
---------------+----------------------------------+-----
Fighting       | 4 5 7 8 9 10 | 10.0
Axes           | 3 4 5 6 8 10 11 12 | 12.0
Armour         | 4 5 7 8 9 10 | 10.0
Shields        | 4 5 6 7 8 9 |  9.2

Action                   |  1- 3 |  4- 6 |  7- 9 | 10-12 || total
-------------------------+-------+-------+-------+-------++-------
Melee: War axe           |   106 |   166 |   417 |   353 ||  1042
Invok: Potion Petition   |       |       |     1 |     1 ||     2
 Abil: Hop               |       |     1 |     1 |     1 ||     3
Evoke: Wand              |       |       |     1 |     6 ||     7
  Use: Scroll            |     3 |     6 |     7 |     2 ||    18
       Potion            |       |     4 |     3 |     1 ||     8
 Stab: Distracted        |       |       |     1 |     2 ||     3
  Eat: Chunk             |     1 |     6 |     4 |       ||    11
       Ration            |       |       |     4 |     4 ||     8
Armor: Scale mail        |    68 |       |       |       ||    68
       Chain mail        |    17 |    26 |       |       ||    43
       Plate armour      |       |   111 |   269 |   125 ||   505
Dodge: Dodged            |    44 |    26 |    55 |    49 ||   174
Block: Kite shield       |    81 |   104 |   344 |   145 ||   674
       Reflection        |       |       |     9 |     3 ||    12
       Tower shield      |       |       |       |   182 ||   182

Table legend:
 A = Non-vault XP
 B = Vault XP
 C = Vault XP percentage of total XP
 D = Non-vault monster count
 E = Vault monster count
 F = Vault count percentage of total count
                 A         B        C        D         E       F
            +---------+---------+-------+---------+---------+-------
      Total |   10642 |    2185 |  17.0 |     219 |      14 |   6.0
            +---------+---------+-------+---------+---------+-------
        D:1 |      30 |       0 |   0.0 |      17 |       0 |   0.0
        D:2 |      90 |       0 |   0.0 |      24 |       0 |   0.0
        D:3 |     148 |       0 |   0.0 |      33 |       0 |   0.0
        D:4 |     149 |     224 |  60.1 |      10 |       1 |   9.1
        D:5 |     274 |     185 |  40.3 |       9 |       1 |  10.0
        D:6 |     659 |       0 |   0.0 |      23 |       0 |   0.0
        D:7 |    1395 |       0 |   0.0 |      19 |       0 |   0.0
        D:8 |     979 |       0 |   0.0 |      18 |       0 |   0.0
        D:9 |    2381 |    1508 |  38.8 |      21 |       5 |  19.2
       D:10 |    2499 |     268 |   9.7 |      32 |       7 |  17.9
       D:11 |    2038 |       0 |   0.0 |      13 |       0 |   0.0
            +---------+---------+-------+---------+---------+-------
